 Dungeon Crawl Stone Soup version 0.31.0-9-g3a7656b989 (webtiles) character file.

Game seed: 8165294540878158725

1931271 SnakkuSnakku7 the Crack Shot (level 27, 205/205 HPs)
             Began as a Djinni Hunter on Jan 25, 2024.
             Was an Initiate of Gozag.
             Escaped with the Orb
             ... and 3 runes
             ... and 1 gem!
             The game lasted 01:53:54 (54606 turns).

SnakkuSnakku7 the Crack Shot (Djinni Hunter)       Turns: 54606, Time: 01:53:55

Health: 205/205    AC: 22    Str: 15    XL:     27
Gold:   11117      EV: 37    Int: 13    God:    Gozag SH:  5 Dex: 33

rFire   + + .        a - +7 longbow of Strategic Superiority {freeze, rC+}
rCold   + . .        (shield currently unavailable)
rNeg    . . .        c - +1 robe of Vines {NoPotionHeal Regen++++}
rPois   ∞            o - +2 hat "Quweh" {Will++ rCorr Str+5}
rElec   .            C - +4 dragonskin cloak
rCorr   +            F - +2 pair of gloves {Stlth+}
SInv    .            (boots unavailable)
Will    +++++        V - amulet of Xoatt {Reflect +Inv rC+ Will++ Dex-2 SH+5}
Stlth   ++           x - +6 ring of dexterity
HPRegen 3.74/turn    E - +4 ring of protection
MPRegen 0.00/turn

%: reflection
@: flying, studying Axes
A: sickness immunity, fire resistance 2, cold vulnerability 1, float, innate
caster, HP casting, extra vitality 1, iridescent scales 1, shaggy fur 1, no
potion heal 1, MP-powered wands
0: Orb of Zot
}: 3/15 runes: barnacled, slimy, gossamer
a: Renounce Religion, Evoke Invisibility, Potion Petition, Call Merchant, Bribe
Branch


You escaped.
You worshipped Gozag.
Gozag was extremely pleased with you.
You visited 11 branches of the dungeon, and saw 54 of its levels.
You visited 1 bazaar.
You also visited: Gauntlet and Wizlab.

You collected 26276 gold pieces.
You spent 5236 gold pieces at shops.
You paid 9923 gold pieces to Gozag.

Inventory:

Hand Weapons
 a - the +7 longbow of Strategic Superiority (weapon) {freeze, rC+}
   (You found it on level 2 of the Depths)

   rC+:       It protects you from cold.
 h - a +9 arbalest of draining
Missiles
 H - 4 throwing nets
Armour
 c - the +1 robe of Vines (worn) {NoPotionHeal Regen++++}
   (You found it on level 1 of the Lair of Beasts)

   NoPotionHeal: Its wearer cannot be healed by potions.
   Regen++++: It increases your rate of health regeneration.
 o - the +2 hat "Quweh" (worn) {Will++ rCorr Str+5}
   (You found it on level 3 of the Elven Halls)

   Str+5:     It affects your strength (+5).
   Will++:    It greatly increases your willpower.
   rCorr:     It protects you from acid and corrosion.
 C - the +4 dragonskin cloak (worn)
   (You took it off Tiamat on level 1 of the Realm of Zot)

   Avatar's Aegis: It grants the wearer a chance to resist fire, cold, poison,
   electricity, acid, and negative energy.
 F - a +2 pair of gloves of stealth (worn)
Jewellery
 q - a ring of protection from fire
 r - a +5 ring of evasion
 x - a +6 ring of dexterity (left hand)
 E - a +4 ring of protection (right hand)
 G - a ring of protection from cold
 L - a ring of see invisible
 V - the amulet of Xoatt (around neck) {Reflect +Inv rC+ Will++ Dex-2 SH+5}
   (You found it on level 3 of the Crypt)

   [amulet of reflection]

   Reflect:   It reflects blocked missile attacks.
   Dex-2:     It affects your dexterity (-2).
   rC+:       It protects you from cold.
   Will++:    It greatly increases your willpower.
   +Inv:      It lets you turn invisible.
   SH+5:      It affects your SH (+5).
 Y - a +4 ring of slaying
Wands
 e - a wand of polymorph (25)
 l - a wand of acid (23)
 p - a wand of mindburst (39)
 y - a wand of digging (19)
 B - a wand of paralysis (69)
 M - a wand of flame (119)
 T - a wand of roots (27)
Scrolls
 b - 3 scrolls of fear
 d - 5 scrolls of vulnerability
 i - 22 scrolls of teleportation
 n - 4 scrolls of immolation
 t - 2 scrolls of blinking
 v - 5 scrolls of poison
 A - 9 scrolls of brand weapon
 I - 10 scrolls of fog
 R - a scroll of enchant weapon
 W - 5 scrolls of enchant armour
 X - 3 scrolls of silence
Potions
 f - 10 potions of enlightenment
 g - 13 potions of curing
 j - 13 potions of mutation
 m - 5 potions of resistance
 s - 2 potions of cancellation
 u - 14 potions of ambrosia
 w - 6 potions of haste
 z - 5 potions of lignification
 J - 5 potions of attraction
 K - 6 potions of brilliance
 N - 9 potions of heal wounds
 U - 4 potions of invisibility
Miscellaneous
 P - a sack of spiders
 Q - a lightning rod (4/4)
 S - a condenser vane


   Skills:
 - Level 20.0 Fighting
 - Level 21.0 Ranged Weapons
 - Level 11.0 Armour
 - Level 20.0 Dodging
 - Level 0.7 Stealth
 - Level 20.0 Spellcasting
 - Level 20.0 Conjurations
 - Level 20.0 Hexes
 - Level 20.0 Summonings
 - Level 20.0 Necromancy
 - Level 20.0 Translocations
 - Level 20.0 Fire Magic
 - Level 20.0 Ice Magic
 - Level 20.0 Air Magic
 - Level 20.0 Earth Magic
 - Level 20.0 Alchemy
 + Level 13.6 Evocations


You knew the following spells:

 Your Spells              Type           Power      Damage    Failure   Level
a - Summon Small Mammal   Summ           100%       N/A       0%          1
b - Momentum Strike       Conj/Tloc      100%       3d10      0%          2
c - Volatile Blastmotes   Fire/Tloc      100%       2d18      0%          3
d - Fugue of the Fallen   Necr           60%        N/A       0%          3
e - Cause Fear            Hex            30%        N/A       0%          4
f - Freezing Cloud        Conj/Ice/Air   30%        6-21      1%          5
g - Conjure Ball Lightni  Conj/Air       30%        3x3d10    1%          6
h - Haunt                 Necr/Summ      30%        N/A       1%          7
i - Summon Cactus Giant   Summ           30%        N/A       1%          6
j - Spellforged Servitor  Conj/Summ      30%        N/A       1%          7
k - Disjunction           Tloc           30%        N/A       7%          8
l - Shatter               Erth           30%        3d25*     73%         9
m - Fire Storm            Conj/Fire      30%        8d8       73%         9
Your spell library was empty.

Dungeon Overview and Level Annotations

Branches:
Dungeon (15/15)            Temple (0/1) D:4            Lair (5/5) D:9
 Shoals (4/4) Lair:2       Spider (4/4) Lair:2        Slime (5/5) Lair:4
    Orc (2/2) D:12            Elf (3/3) Orc:2        Vaults (4/5) D:13
  Crypt (3/3) Vaults:2       Tomb (0/3) Crypt:3      Depths (4/4) D:15
    Zot (5/5) Depths:4     WizLab (visited)         Gauntlet (visited)

Altars:
Ashenzari
Cheibriados
Dithmenos
Elyvilon
Fedhas
Gozag
Makhleb
Nemelex Xobeh
Okawaru
Qazlal
Ru
Uskayaw
Zin
The Shining One
Jiyva

Shops:
D:3 *   D:5 :   D:10 *   D:15 !   Orc:1 !   Orc:2 (?*!*(**   Elf:1 [
Vaults:3 (   Vaults:4 :

Portals:
Hell: Depths:1 Depths:2 Depths:3 Depths:4
Abyss: Depths:1 Depths:3
Pandemonium: Depths:2
Ziggurat: Depths:3

Annotations:
Zot:3 1 transporter


Innate Abilities, Weirdness & Mutations

You are immune to sickness and miasma.
You are immune to poison.
Your flesh is very heat resistant. (rF++)
You are vulnerable to cold. (rC-)
You float through the air rather than walking.
You learn spells naturally, not from books.
Your magical power is your life essence.
You have superior vitality. (+4 MHP)
You are partially covered in iridescent scales. (AC +2)
You are covered in fur. (AC +1)
Potions are less effective at restoring your health.
You expend health (3 HP) to strengthen your wands.


Message History

Zehurch gestures at you. The iron shot misses you.
Zehurch is knocked back by the blast.
The small abomination completely misses you.
You fly upwards.
There is a stone staircase leading down here.
There is an escape hatch in the ceiling here.
A mysterious force pulls you upwards. The hatch slams shut behind you.
There is a stone staircase leading up here.
You fly upwards.
There is a stone staircase leading down here.
There is an open door here.
There is an open door here.
A hellwing and a Tzitzimitl come into view.
The Tzitzimitl gestures at you. The bolt of negative energy misses you.
The Tzitzimitl gestures at you. The bolt of negative energy misses you.
There is a stone staircase leading up here.
You fly upwards.
There is a stone staircase leading down here.
A green death comes into view.
You shoot an arrow. The arrow hits the green death!
The arrow freezes the green death.
The green death is moderately wounded.
You shoot an arrow. The arrow hits the green death!
The arrow freezes the green death.
The green death is heavily wounded.
You shoot an arrow. The arrow hits the green death!!
The arrow freezes the green death.
You kill the green death!
No target in view!
No target in view!
What level of the Dungeon? (default 2, ? - help) You're already here!
There is a stone staircase leading up here.
You fly upwards.
There is a stone staircase leading down here.
There is an open door here.
There is a staircase leading out of the dungeon here.
You have escaped!

P......#...>............#########
.#.#.#.#.#.#..##########.........
.......#.#.##.##~~≈~≈P≈'.########
.###.###...##..#.PPP~~.##########
.......#.####..#~≈.~...# #.....#
.........# #.)#P.....~# ##.###..
########## ####.#~≈~.P# #..# ##.
..####### #.#P~~~.###.## ##
#.......# #@#.≈PP~'...# #######.#
###########.## #.# #.##.##.# #.#
#.# #.##.##.# #.# #.# #.##.##.#
#.# #.#### #....##.# #.#
####....####..####.# #.#
#.............####.# #.#
#.####.#####....#..# #>#


There were no monsters in sight!

Vanquished Creatures
  the Royal Jelly (Slime:5)
  Tiamat (Zot:1)
  A dread lich (Crypt:3)
  4 ancient liches
  Mara (Spider:3)
  A juggernaut (Depths:2)
  Boris (Depths:3)
  A Killer Klown (Zot:2)
  2 curse toes
  4 caustic shrikes
  A golden dragon (Depths:4)
  Norris (Vaults:3)
  A bone dragon (Crypt:3)
  An Ice Fiend (Depths:4)
  Zenata (Elf:3)
  An electric golem (Zot:5)
  A tentacled monstrosity (Zot:1)
  7 Orb Guardians
  5 liches
  2 walking frostbound tomes (Depths:2)
  2 quicksilver dragons
  The ghost of ChongLi the Zephyrmancer, an adept DgAE (Elf:3)
  2 walking divine tomes (Depths:2)
  2 deep elf master archers (Elf:3)
  2 deep elf blademasters (Elf:3)
  A titan (Vaults:3)
  Polyphemus (Shoals:2)
  22 acid blobs
  4 ancient champions
  6 sphinxes
  A death cob (Depths:4)
  4 tengu reavers
  6 storm dragons
  A shadow dragon (Depths:3)
  17 rockslimes
  A draconian monk (Zot:2)
  16 azure jellies
  3 draconian knights
  7 revenants
  9 frost giants
  2 draconian shifters
  8 fire giants
  10 emperor scorpions
  4 ghost moths
  6 vault wardens
  4 deep elf sorcerers
  3 curse skulls
  14 ghouls
  2 deep elf elementalists (Elf:3)
  3 draconian scorchers
  12 very ugly things
  A balrug (Depths:1)
  12 ironbound preservers
  8 formless jellyfish
  A draconian annihilator (Zot:2)
  2 broodmothers
  A reaper (Crypt:2)
  13 quicksilver oozes
  A spriggan defender (Depths:3)
  5 ironbound thunderhulks
  5 stone giants
  5 deep elf death magi
  7 black draconians
  2 grey draconians (Depths:4)
  5 green draconians
  4 vampire knights
  5 deep elf demonologists (Elf:3)
  4 halazid warlocks (WizLab)
  A red draconian (Depths:4)
  3 yellow draconians (Zot:2)
  3 minotaurs
  7 purple draconians
  5 deep elf annihilators (Elf:3)
  10 dire elephants
  7 spark wasps
  2 spectral titans (WizLab)
  The ghost of Hiywul the Fighter, a journeyman MiHu of Trog (Lair:4)
  A crystal guardian (Vaults:3)
  5 war gargoyles
  6 white draconians
  3 blizzard demons (D:15)
  10 eidola
  5 ettins
  A merfolk javelineer (Shoals:2)
  5 merfolk impalers
  A green death (D:2)
  2 deep elf high priests (Elf:3)
  7 yaktaur captains
  10 jiangshi
  6 entropy weavers
  2 fire dragons
  2 quicksilver dragon zombies (WizLab)
  7 vault guards
  2 peacekeepers
  8 hydras
  2 spriggan air magi
  2 catoblepae
  Harold (D:10)
  A quicksilver dragon skeleton (Crypt:3)
  8 great orbs of eyes
  2 fenstrider witch skeletons
  16 centaur warriors
  3 ghost crabs (Crypt:3)
  Erica (D:11)
  8 ice dragons
  2 jorogumos
  3 merfolk avatars
  2 death knights (Crypt:1)
  An Orb Guardian skeleton (Crypt:2)
  13 ironbound frosthearts
  A merfolk aquamancer (Shoals:4)
  2 ogre magi
  31 dancing weapons
  3 radroaches
  7 boulder beetles
  3 two-headed ogres (Vaults:2)
  2 death yaks (Shoals:2)
  2 deep troll shamans
  A titan zombie (WizLab)
  16 satyrs
  7 tengu warriors
  6 vampire magi
  4 orc high priests (Orc:2)
  5 demonic crawlers
  2 occultists (Depths:3)
  A sun demon (Depths:1)
  Nergalle (Orc:1)
  15 deep elf knights
  3 spriggan berserkers
  Urug (Lair:5)
  4 spriggans
  7 deep troll earth magi
  8 skysharks
  6 hell knights
  A titan skeleton (Crypt:3)
  A soul eater (Crypt:2)
  8 iron trolls
  3 shadow wraiths
  28 skeletal warriors
  6 pharaoh ants
  12 sea snakes
  A fire crab (Lair:4)
  A bunyip zombie (Crypt:1)
  37 deep trolls
  3 flayed ghosts
  4 bog bodies
  3 glowing orange brains
  6 orb spiders
  The ghost of Jokingforfun the Thaumaturge, a novice SpCj of Vehumet (D:8)
  A sun moth (Spider:3)
  3 swamp dragons (Depths:4)
  10 arcanists
  An orb spider (shapeshifter) (Elf:2)
  7 deep elf archers
  25 deep elf pyromancers
  11 ironbound convokers
  12 phantasmal warriors
  10 lindwurms
  7 steelbarb worms
  A spectral wolf spider (WizLab)
  22 harpies
  A bunyip skeleton (Crypt:3)
  A wolf spider zombie (WizLab)
  6 necromancers
  8 shining eyes
  15 wolf spiders
  A salamander (Depths:1)
  25 deep elf zephyrmancers
  13 manticores
  A spectral spriggan (WizLab)
  3 oklob plants
  An iron dragon zombie (Crypt:3)
  31 ugly things
  9 cyclopes
  8 fauns
  3 orc sorcerers
  A frost giant zombie (Crypt:2)
  A stone giant zombie (Crypt:3)
  13 moths of wrath
  6 black mambas
  A faun (shapeshifter) (Vaults:4)
  2 kobold blastminers (Orc:1)
  15 elephants
  2 water nymphs
  A stone giant skeleton (Crypt:3)
  4 merfolk sirens
  An alligator snapping turtle zombie (Crypt:3)
  7 torpor snails
  A smoke demon (Depths:1)
  5 gargoyles
  15 cane toads
  18 vault sentinels
  A grey draconian zombie (Crypt:2)
  2 centaur skeletons (Crypt:3)
  A dire elephant skeleton (Crypt:3)
  An emperor scorpion simulacrum (Crypt:1)
  A hellion (Depths:4)
  A naga skeleton (Crypt:3)
  9 rime drakes
  21 yaktaurs
  12 komodo dragons
  6 freezing wraiths
  A kobold demonologist (D:14)
  5 ice devils (D:15)
  2 tormentors
  5 tengu conjurers
  3 guardian mummies (Crypt:3)
  A red devil (Depths:4)
  4 polar bears
  A polar bear (shapeshifter) (D:13)
  3 trolls
  25 tarantellas
  A queen bee (Lair:2)
  10 wind drakes
  18 merfolk
  A harpy skeleton (Crypt:3)
  10 hornets
  32 blink frogs
  7 glass eyes
  3 spriggan zombies (WizLab)
  15 dream sheep
  A centaur simulacrum (D:14)
  2 air elementals
  An ice dragon skeleton (Crypt:2)
  A jumping spider (shapeshifter) (Elf:3)
  7 snapping turtles
  25 jumping spiders
  10 water elementals
  10 wraiths
  4 fire dragon skeletons
  15 wyverns
  23 culicivoras
  5 shadows
  An ettin skeleton (Crypt:1)
  A yak (shapeshifter) (Depths:4)
  A vampire (D:11)
  111 slime creatures
  17 humans (D:13)
  60 yaks
  2 fire elementals (Elf:1)
  11 golden eyes
  7 basilisks
  2 steam dragons
  18 vampire mosquitoes
  A black mamba skeleton (Crypt:3)
  61 redbacks
  2 wargs
  A deep troll zombie (Crypt:1)
  33 water moccasins
  17 orc warriors
  An ice beast (D:8)
  25 laughing skulls
  A black bear (Lair:1)
  A small abomination (Gauntlet)
  5 ogres
  7 wolves
  5 centaurs
  3 phantoms (D:5)
  A blink frog skeleton (Crypt:1)
  5 kobold brigands
  20 bullfrogs
  A draconian zombie (Crypt:1)
  A gnoll sergeant (D:9)
  3 necrophages
  A wyvern zombie (Crypt:2)
  An earth elemental (Elf:1)
  5 scorpions
  A yaktaur skeleton (Crypt:2)
  6 wights
  37 killer bees
  A yak skeleton (Crypt:2)
  5 howler monkeys
  An electric eel (Lair:5)
  3 hounds (D:5)
  A bombardier beetle (D:3)
  Crazy Yiuf (D:2)
  35 orc priests
  3 gnoll boudas
  A jelly (D:6)
  4 sleepcaps
  Jessica (D:3)
  A basilisk skeleton (Crypt:1)
  An iguana (D:4)
  30 orc wizards
  2 hell rats (Lair:2)
  A boggart skeleton (Crypt:1)
  7 mummies (Crypt:3)
  Robin (D:2)
  16 gnolls
  A river rat (Lair:2)
  20 adders
  A white imp (D:6)
  An iguana skeleton (Crypt:2)
  2 dart slugs
  4 ribbon worms
  58 orcs
  13 bats
  8 endoplasms
  6 giant cockroaches
  10 goblins
  9 hobgoblins
  8 jackals
  4 quokkas
  3 ball pythons
  An endoplasm zombie (Crypt:1)
  4 frilled lizards
  A frilled lizard skeleton (Crypt:2)
  20 kobolds
  9 rats
2144 creatures vanquished.

Vanquished Creatures (collateral kills)
  A dread lich (Zot:5)
  An orb of fire (Zot:5)
  3 Orb Guardians (Zot:5)
  A sixfirhy (Zot:2)
6 creatures vanquished.

Vanquished Creatures (others)
  8 Orb Guardians (Zot:5)
  A death cob (Zot:3)
  A storm dragon (Zot:3)
  A protean progenitor (Zot:3)
  A white draconian (Zot:5)
  2 alligator snapping turtles (Zot:3)
  4 deep elf knights
  A deep elf zephyrmancer (Elf:3)
  A water elemental (Elf:1)
20 creatures vanquished.

Grand Total: 2170 creatures vanquished

Notes
Turn   | Place    | Note
-------+----------+-------------------------------------------
     0 | D:1      | SnakkuSnakku7 the Djinni Hunter began the quest for the
                  | Orb.
     0 | D:1      | Reached XP level 1. HP: 18/18 MP: 0/0
    59 | D:1      | Found a faded altar of an unknown god.
    71 | D:1      | Prayed at the altar of an unknown god.
    71 | D:1      | Became a worshipper of Gozag Ym Sagoz the Greedy
   102 | D:1      | Reached XP level 2. HP: 23/23 MP: 0/0
   516 | D:1      | Reached XP level 3. HP: 28/28 MP: 0/0
   516 | D:1      | Learned a level 1 spell: Summon Small Mammal
   602 | D:2      | Noticed Robin
   607 | D:1      | Reached skill level 4 in Ranged Weapons
   945 | D:2      | Reached XP level 4. HP: 19/33 MP: 0/0
  1066 | D:2      | Killed Robin
  1161 | D:2      | Found a runed translucent door.
  1162 | D:2      | Noticed Crazy Yiuf
  1502 | D:3      | Reached XP level 5. HP: 19/38 MP: 0/0
  1502 | D:3      | Learned a level 2 spell: Momentum Strike
  1612 | D:3      | Reached skill level 5 in Ranged Weapons
  1636 | D:3      | Found Oxuanar's Assorted Antiques.
  1643 | D:3      | Bought 3 scrolls labelled NUXOMA WASHI for 96 gold pieces
  1643 | D:3      | Bought a scroll labelled RAUTOT ETSUTWO for 32 gold pieces
  1643 | D:3      | Bought a smoky brown potion for 28 gold pieces
  1643 | D:3      | Bought a puce potion for 28 gold pieces
  1643 | D:3      | Bought a scroll labelled YQANETAYGU for 32 gold pieces
  2030 | D:3      | Noticed Jessica
  2040 | D:3      | Killed Jessica
  2041 | D:3      | Reached XP level 6. HP: 43/43 MP: 0/0
  2317 | D:3      | You are sucked into a shaft and drop 2 floors!
  2317 | D:5      | Entered Level 5 of the Dungeon
  2332 | D:4      | Reached skill level 6 in Ranged Weapons
  2632 | D:4      | Found a staircase to the Ecumenical Temple.
  3224 | D:5      | Reached XP level 7. HP: 38/49 MP: 0/0
  3224 | D:5      | Learned a level 3 spell: Volatile Blastmotes
  3330 | D:5      | Reached skill level 7 in Ranged Weapons
  3550 | D:5      | Found Ibriam's Book Shop.
  3883 | D:6      | Reached XP level 8. HP: 30/54 MP: 0/0
  4135 | D:5      | Reached skill level 8 in Ranged Weapons
  4595 | D:6      | Noticed a yak
  4598 | D:6      | Noticed a yak
  4601 | D:6      | Reached skill level 9 in Ranged Weapons
  4601 | D:6      | Noticed a yak
  4700 | D:6      | Noticed a yak
  5047 | D:4      | Killed a yak
  5048 | D:4      | Reached XP level 9. HP: 57/58 MP: 0/0
  5048 | D:4      | Learned a level 3 spell: Fugue of the Fallen
  5227 | D:6      | Reached skill level 10 in Ranged Weapons
  5626 | D:6      | Reached skill level 11 in Ranged Weapons
  5970 | D:7      | Reached XP level 10. HP: 64/64 MP: 0/0
  6042 | D:7      | Found a sparkling altar of Nemelex Xobeh.
  6043 | D:7      | Found a glowing silver altar of Zin.
  6289 | D:7      | Found a sacrificial altar of Ru.
  6387 | D:7      | Identified the +6 rapier of Checks and Balances {venom,
                  | rElec}
  7021 | D:8      | Reached skill level 12 in Ranged Weapons
  7051 | D:8      | Found a burning altar of Makhleb.
  7107 | D:8      | Found a white marble altar of Elyvilon.
  7452 | D:8      | Found a transporter.
  7452 | D:8      | Found a transporter.
  7457 | D:8      | Noticed Jokingforfun's ghost (novice SpCj)
  8459 | D:9      | Found a staircase to the Lair.
  8663 | D:9      | Reached skill level 5 in Fighting
  8695 | D:9      | Reached XP level 11. HP: 76/76 MP: 0/0
  8695 | D:9      | Learned a level 4 spell: Cause Fear
  8906 | D:9      | Found a shadowy altar of Dithmenos.
  8906 | D:9      | Found a stormy altar of Qazlal.
  8958 | D:10     | Entered Level 10 of the Dungeon
  9053 | D:10     | HP: 3/76 [vampire mosquito (9)]
  9053 | D:10     | Noticed Harold
  9078 | D:10     | Killed Harold
 10458 | D:10     | Reached skill level 10 in Fighting
 10503 | D:10     | Found a broken altar of Ashenzari.
 10531 | D:10     | Found a snail-covered altar of Cheibriados.
 10643 | D:10     | Found Leumuom's General Store.
 10650 | D:10     | Bought a scroll of fog for 56 gold pieces
 10650 | D:10     | Bought a scroll of fear for 56 gold pieces
 10650 | D:10     | Bought a potion of heal wounds for 70 gold pieces
 10650 | D:10     | Bought a +0 arbalest for 63 gold pieces
 10668 | D:10     | Found a hide-covered altar of Uskayaw.
 11029 | Lair:1   | Entered Level 1 of the Lair of Beasts
 11088 | Lair:1   | Noticed a five-headed hydra
 11104 | Lair:1   | Reached skill level 13 in Ranged Weapons
 11278 | Lair:1   | Reached XP level 12. HP: 66/91 MP: 0/0
 12071 | Lair:1   | Identified the +2 shortbow of Pride {heavy, *Slow rF++}
 12080 | Lair:1   | Noticed an eight-headed hydra
 12204 | Lair:1   | Reached skill level 14 in Ranged Weapons
 12535 | D:2      | Killed Crazy Yiuf
 12789 | Lair:1   | Killed a five-headed hydra
 12814 | Lair:1   | Found the +1 robe of Vines {NoPotionHeal Regen++++}
 13024 | Lair:1   | Killed an eight-headed hydra
 13441 | Lair:2   | Reached skill level 15 in Ranged Weapons
 13580 | Lair:2   | Reached XP level 13. HP: 96/96 MP: 0/0
 13580 | Lair:2   | Learned a level 5 spell: Freezing Cloud
 13658 | Lair:2   | Found a staircase to the Shoals.
 13854 | Lair:2   | Found a hole to the Spider Nest.
 13944 | Lair:2   | Reached skill level 16 in Ranged Weapons
 14144 | Lair:2   | Reached skill level 5 in Dodging
 14313 | Lair:2   | You are sucked into a shaft and drop 1 floor!
 14360 | Lair:3   | Noticed an eight-headed hydra
 14373 | Lair:3   | Killed an eight-headed hydra
 14582 | Lair:3   | Found the +9 scales of the Dragon King {rPois rF+ rC+
                  | Will+}
 14670 | Lair:3   | Reached skill level 10 in Dodging
 14699 | Lair:3   | Reached XP level 14. HP: 103/103 MP: 0/0
 14745 | Lair:3   | Identified the +0 scale mail of Music {+Inv Will+ Regen+
                  | Slay-5}
 15617 | Lair:2   | Identified the +1 chain mail "Atzokaecs" {+Inv Fly rElec
                  | Dex-2}
 15795 | Lair:4   | Found a viscous altar of Jiyva.
 15796 | Lair:4   | Found a staircase to the Slime Pits.
 15956 | Lair:4   | Found a transporter.
 16055 | Lair:4   | Reached skill level 17 in Ranged Weapons
 16076 | Lair:4   | Found a gate leading to a gauntlet.
 16085 | Gauntlet | Entered a Gauntlet
 16085 | Gauntlet | Found a transporter.
 16089 | Gauntlet | Noticed a quicksilver ooze
 16094 | Gauntlet | Found a transporter.
 16095 | Gauntlet | Found a transporter.
 16096 | Gauntlet | Found a transporter.
 16099 | Gauntlet | Found a transporter.
 16100 | Gauntlet | Found a transporter.
 16148 | Gauntlet | Found a transporter.
 16163 | Gauntlet | Found a transporter.
 16176 | Gauntlet | Found a transporter.
 16193 | Gauntlet | Found a transporter.
 16197 | Gauntlet | Found a transporter.
 16205 | Gauntlet | Found a transporter.
 16238 | Gauntlet | Killed a quicksilver ooze
 16447 | Gauntlet | Noticed a minotaur
 16468 | Gauntlet | Killed a minotaur
 16489 | Gauntlet | Identified the amulet "Gizivod" {rN+ Regen+ Int-4 SInv}
 16948 | Lair:4   | Found a transporter.
 16968 | Lair:4   | Noticed Hiywul's ghost (journeyman MiHu)
 17303 | Lair:5   | Entered Level 5 of the Lair of Beasts
 17502 | Lair:5   | Reached skill level 18 in Ranged Weapons
 17676 | Lair:5   | Reached skill level 1 in Spellcasting
 17676 | Lair:5   | Reached skill level 1 in Conjurations
 17676 | Lair:5   | Reached skill level 1 in Hexes
 17676 | Lair:5   | Reached skill level 1 in Summonings
 17676 | Lair:5   | Reached skill level 1 in Necromancy
 17676 | Lair:5   | Reached skill level 1 in Translocations
 17676 | Lair:5   | Reached skill level 1 in Fire Magic
 17676 | Lair:5   | Reached skill level 1 in Ice Magic
 17676 | Lair:5   | Reached skill level 1 in Air Magic
 17676 | Lair:5   | Reached skill level 1 in Earth Magic
 17676 | Lair:5   | Reached skill level 1 in Alchemy
 17691 | Lair:5   | Reached XP level 15. HP: 94/107 MP: 0/0
 17691 | Lair:5   | Learned a level 6 spell: Conjure Ball Lightning
 18022 | Lair:5   | Noticed Urug
 18029 | Lair:5   | Killed Urug
 18030 | Lair:5   | Reached skill level 5 in Spellcasting
 18030 | Lair:5   | Reached skill level 5 in Conjurations
 18030 | Lair:5   | Reached skill level 5 in Hexes
 18030 | Lair:5   | Reached skill level 5 in Summonings
 18030 | Lair:5   | Reached skill level 5 in Necromancy
 18030 | Lair:5   | Reached skill level 5 in Translocations
 18030 | Lair:5   | Reached skill level 5 in Fire Magic
 18030 | Lair:5   | Reached skill level 5 in Ice Magic
 18030 | Lair:5   | Reached skill level 5 in Air Magic
 18030 | Lair:5   | Reached skill level 5 in Earth Magic
 18030 | Lair:5   | Reached skill level 5 in Alchemy
 18595 | D:8      | Killed Jokingforfun's ghost
 19051 | D:11     | Noticed Erica
 19055 | D:11     | Killed Erica
 19873 | D:12     | Found a staircase to the Orcish Mines.
 20144 | Orc:1    | Entered Level 1 of the Orcish Mines
 20313 | Orc:1    | Noticed Nergalle
 20329 | Orc:1    | Killed Nergalle
 20402 | Orc:1    | Found Yteceurph's Distillery.
 20410 | Orc:1    | Bought a potion of haste for 110 gold pieces
 20410 | Orc:1    | Bought a potion of heal wounds for 55 gold pieces
 20410 | Orc:1    | Bought a potion of heal wounds for 55 gold pieces
 20410 | Orc:1    | Bought a potion of haste for 110 gold pieces
 20410 | Orc:1    | Bought a potion of resistance for 110 gold pieces
 20558 | Orc:2    | Entered Level 2 of the Orcish Mines
 20576 | Orc:2    | Found Wuem's Antique Weapon Shop.
 20577 | Orc:2    | Found a staircase to the Elven Halls.
 20673 | Orc:2    | Found Voguxty's General Store.
 20693 | Orc:2    | Found Nuxkisod's Antique Weapon Shop.
 20704 | Orc:2    | Found Ehymp's General Store.
 20716 | Orc:2    | Bought a sack of spiders for 440 gold pieces
 20716 | Orc:2    | Bought a scroll of blinking for 82 gold pieces
 20733 | Orc:2    | Found a flickering gateway to a bazaar.
 20749 | Bazaar   | Entered a bazaar
 20763 | Bazaar   | Found Yrhin's Assorted Antiques.
 20778 | Bazaar   | Found Fovits's Weapon Emporium.
 20778 | Bazaar   | Found Duh Cong's Antique Weapon Shoppe.
 20799 | Bazaar   | Found Xizxan's Weapon Shoppe.
 20869 | Bazaar   | Bought a scroll of blinking for 255 gold pieces
 20869 | Bazaar   | Bought a potion of haste for 340 gold pieces
 20985 | Orc:2    | Gained mutation: You are dopey. (Int -2) [a neqoxec]
 21102 | Orc:2    | Found Noentowul's Assorted Antiques.
 21102 | Orc:2    | Found Bolunolu's Distillery.
 21103 | Orc:2    | Found Ycol's Magic Scroll Boutique.
 21108 | Orc:2    | Found Fide's General Store.
 21143 | Orc:2    | Bought 2 bubbling golden potions for 57 gold pieces
 21144 | Orc:2    | Bought a potion of mutation for 80 gold pieces
 21145 | Orc:2    | Bought a scroll of acquirement for 676 gold pieces
 21145 | Orc:2    | Bought 2 scrolls of enchant armour for 195 gold pieces
 21145 | Orc:2    | Bought a scroll of teleportation for 39 gold pieces
 21145 | Orc:2    | Bought a scroll of revelation for 97 gold pieces
 21145 | Orc:2    | Bought a scroll of teleportation for 39 gold pieces
 21146 | Orc:2    | Bought a scroll of enchant weapon for 127 gold pieces
 21152 | Orc:2    | Bought a scroll of silence for 161 gold pieces
 21154 | Orc:2    | Acquired the amulet of the Real Monster {rN+ Regen+ Str-2
                  | Slay+2}
 21848 | D:13     | Reached XP level 16. HP: 113/113 MP: 0/0
 22078 | D:13     | Identified the +4 chain mail of the Muttering Gods {rN+}
 22123 | D:13     | Found a gate to the Vaults.
 22407 | D:14     | Identified the +5 chain mail of Noughts and Crosses {rCorr}
 22428 | D:14     | Reached skill level 10 in Spellcasting
 22428 | D:14     | Reached skill level 10 in Conjurations
 22428 | D:14     | Reached skill level 10 in Hexes
 22428 | D:14     | Reached skill level 10 in Summonings
 22428 | D:14     | Reached skill level 10 in Necromancy
 22428 | D:14     | Reached skill level 10 in Translocations
 22428 | D:14     | Reached skill level 10 in Fire Magic
 22428 | D:14     | Reached skill level 10 in Ice Magic
 22428 | D:14     | Reached skill level 10 in Air Magic
 22428 | D:14     | Reached skill level 10 in Earth Magic
 22428 | D:14     | Reached skill level 10 in Alchemy
 22784 | D:14     | Found an iron altar of Okawaru.
 23053 | D:15     | Entered Level 15 of the Dungeon
 23361 | D:15     | Found a staircase to the Depths.
 23587 | D:15     | Found the +8 frozen axe "Frostbite" {freeze, freezing
                  | cloud, *Noise Fly rC+}
 23715 | D:15     | Found Bununin's Distillery.
 23722 | D:15     | Bought a potion of haste for 180 gold pieces
 23722 | D:15     | Bought a potion of resistance for 180 gold pieces
 24146 | Shoals:1 | Entered Level 1 of the Shoals
 24495 | Shoals:1 | Reached XP level 17. HP: 119/119 MP: 0/0
 24495 | Shoals:1 | Learned a level 7 spell: Haunt
 24739 | Shoals:2 | Noticed Polyphemus
 24789 | Shoals:2 | Killed Polyphemus
 24960 | Shoals:2 | Reached skill level 15 in Dodging
 25947 | Shoals:4 | Entered Level 4 of the Shoals
 26092 | Shoals:4 | Noticed a sphinx
 26122 | Shoals:4 | Killed a sphinx
 26207 | Shoals:4 | Got a barnacled rune of Zot
 26270 | Shoals:4 | Reached XP level 18. HP: 126/135 MP: 0/0
 26532 | Shoals:4 | Noticed a sphinx
 26541 | Shoals:4 | Killed a sphinx
 26583 | Shoals:4 | Reached skill level 15 in Fighting
 26619 | Shoals:4 | Reached skill level 1 in Armour
 26775 | Spider:1 | Entered Level 1 of the Spider Nest
 27149 | Spider:1 | Reached skill level 5 in Armour
 28425 | Spider:3 | Noticed Mara
 28466 | Spider:3 | Killed Mara
 28548 | Spider:3 | Reached XP level 19. HP: 143/143 MP: 0/0
 28548 | Spider:3 | Learned a level 6 spell: Summon Cactus Giant
 28963 | Spider:4 | Entered Level 4 of the Spider Nest
 29458 | Spider:4 | Got a gossamer rune of Zot
 30650 | Elf:1    | Entered Level 1 of the Elven Halls
 30785 | Elf:1    | Identified the +2 leather armour of the Tanner {*Corrode
                  | Fly rN+ Str+4}
 30906 | Elf:1    | Found Ananes's Antique Armour Shop.
 30999 | Elf:1    | Bought a pair of distressingly furry gloves for 399 gold
                  | pieces
 30999 | Elf:1    | Identified the +0 pair of gloves of Vlad {rC+++ rCorr MP-9
                  | Str-3} (You bought it in a shop on level 1 of the Elven
                  | Halls)
 31377 | Elf:1    | Reached XP level 20. HP: 133/149 MP: 0/0
 31562 | Elf:1    | Paralysed by an air elemental for 1 turns
 31891 | Elf:2    | Identified the +5 dagger "Mogyjet" {flame, rF+}
 31914 | Elf:2    | Found a runed translucent gate.
 31914 | Elf:2    | Found a runed translucent gate.
 31917 | Elf:2    | Found a runed translucent gate.
 32005 | Elf:2    | Reached skill level 15 in Spellcasting
 32005 | Elf:2    | Reached skill level 15 in Conjurations
 32005 | Elf:2    | Reached skill level 15 in Hexes
 32005 | Elf:2    | Reached skill level 15 in Summonings
 32005 | Elf:2    | Reached skill level 15 in Necromancy
 32005 | Elf:2    | Reached skill level 15 in Translocations
 32005 | Elf:2    | Reached skill level 15 in Fire Magic
 32005 | Elf:2    | Reached skill level 15 in Ice Magic
 32005 | Elf:2    | Reached skill level 15 in Air Magic
 32005 | Elf:2    | Reached skill level 15 in Earth Magic
 32005 | Elf:2    | Reached skill level 15 in Alchemy
 32017 | Elf:2    | Reached skill level 1 in Evocations
 32390 | Elf:2    | Reached skill level 5 in Evocations
 32736 | Elf:3    | Entered Level 3 of the Elven Halls
 32830 | Elf:3    | Found a runed translucent gate.
 32830 | Elf:3    | Found a runed translucent gate.
 32830 | Elf:3    | Found a runed translucent gate.
 32834 | Elf:3    | Noticed ChongLi's ghost (adept DgAE)
 32983 | Elf:3    | Noticed Zenata
 33065 | Elf:3    | Killed Zenata
 33201 | Elf:3    | Found Pyzock's Gadget Gallery.
 33213 | Elf:3    | Bought a wand of paralysis (8) for 307 gold pieces
 33213 | Elf:3    | Bought a wand of paralysis (3) for 115 gold pieces
 33213 | Elf:3    | Bought a wand of digging (5) for 336 gold pieces
 33213 | Elf:3    | Bought a wand of roots (6) for 230 gold pieces
 33330 | Elf:3    | Noticed a Tzitzimitl
 33514 | Elf:3    | Identified the +0 leather armour of the Wizarding Gods
                  | {rPois SInv}
 33528 | Elf:3    | Noticed an Ice Fiend
 33721 | Elf:3    | Reached skill level 10 in Evocations
 33810 | Elf:3    | Reached XP level 21. HP: 91/153 MP: 0/0
 33810 | Elf:3    | Learned a level 7 spell: Spellforged Servitor
 34018 | Elf:3    | Identified the +4 chain mail of Ufo Tage {rPois}
 34027 | Elf:3    | Identified the +5 great sword of the Winnowing Augurer
                  | {antimagic, Int+3}
 34173 | Elf:3    | Paralysed by an air elemental for 1 turns
 34265 | Elf:3    | Killed ChongLi's ghost
 34307 | Elf:3    | Identified the +2 hat "Quweh" {Will++ rCorr Str+5}
 34499 | Vaults:1 | Entered Level 1 of the Vaults
 35167 | Vaults:1 | Found the +8 whip "Snakebite" {venom, curare, rPois}
 35168 | Vaults:1 | Noticed an ancient lich
 35323 | Vaults:1 | Killed an ancient lich
 35324 | Vaults:1 | Reached skill level 10 in Armour
 36237 | Vaults:2 | Found a staircase to the Crypt.
 37394 | Vaults:3 | Reached XP level 22. HP: 161/161 MP: 0/0
 37394 | Vaults:3 | Found Tamicvyo's Weapon Boutique.
 37493 | Vaults:3 | Noticed Norris
 37512 | Vaults:3 | Killed Norris
 39490 | Vaults:4 | Reached XP level 23. HP: 175/175 MP: 0/0
 39490 | Vaults:4 | Learned a level 8 spell: Disjunction
 39778 | Vaults:4 | Found Oplufolataf's Book Shoppe.
 40190 | Crypt:1  | Entered Level 1 of the Crypt
 40194 | Crypt:1  | Found a magical portal.
 40203 | WizLab   | Entered Borgnjor's Mausoleum
 42127 | Crypt:2  | Reached XP level 24. HP: 153/187 MP: 0/0
 42663 | Crypt:3  | Entered Level 3 of the Crypt
 43260 | Crypt:3  | Identified the +3 flail of Xirimi {drain, rC+ Will+ Str+8
                  | Stlth+}
 43261 | Crypt:3  | Identified the amulet of Xoatt {Reflect +Inv rC+ Will++
                  | Dex-2 SH+5}
 43275 | Crypt:3  | Acquired 385 gold pieces
 43353 | Crypt:3  | Found a staircase to the Tomb.
 43580 | Crypt:3  | Noticed an ancient lich
 43587 | Crypt:3  | Killed an ancient lich
 44101 | Crypt:3  | Noticed a dread lich
 44119 | Crypt:3  | Killed a dread lich
 44127 | Crypt:3  | Noticed an ancient lich
 44133 | Crypt:3  | Killed an ancient lich
 44177 | Crypt:3  | Noticed an ancient lich
 44186 | Crypt:3  | Killed an ancient lich
 44527 | Depths:1 | Entered Level 1 of the Depths
 44594 | Depths:1 | Noticed a juggernaut
 44595 | Depths:1 | Noticed a caustic shrike
 44777 | Depths:1 | Found a faded altar of an unknown god.
 44911 | Depths:1 | Found a one-way gate to the infinite horrors of the Abyss.
 45031 | Depths:1 | Found a stormy altar of Qazlal.
 45095 | Depths:1 | Found the +5 Storm Queen's Shield {shock, Fly rElec}
 45110 | Depths:1 | Found a gateway to Hell.
 45181 | Depths:2 | Found a blossoming altar of Fedhas.
 45511 | Depths:2 | Found a one-way gate leading to the halls of Pandemonium.
 45696 | Depths:2 | Noticed a caustic shrike
 45703 | Depths:2 | Noticed a juggernaut
 45704 | Depths:2 | Killed a caustic shrike
 45717 | Depths:2 | Killed a juggernaut
 45720 | Depths:2 | Reached XP level 25. HP: 123/193 MP: 0/0
 45720 | Depths:2 | Learned a level 9 spell: Shatter
 45818 | Depths:2 | Identified the +7 longbow of Strategic Superiority {freeze,
                  | rC+}
 45826 | Depths:2 | Identified the amulet of Pourr {Spirit rElec Will+++ Int-4
                  | SInv}
 46210 | Depths:3 | Found a one-way gateway to a ziggurat.
 46244 | Depths:3 | Identified the amulet of Fragile Peace {Spirit rF+ Int+5
                  | Dex+2}
 46428 | Depths:3 | Noticed Boris
 46578 | Depths:3 | Killed Boris
 46765 | Depths:3 | Found a glowing golden altar of the Shining One.
 46848 | Depths:2 | Reached skill level 19 in Ranged Weapons
 47283 | Depths:4 | Entered Level 4 of the Depths
 47563 | Depths:4 | Identified the +5 whip of the Dripping Gods {freeze, rN+
                  | Int+2}
 48086 | Depths:4 | Reached skill level 20 in Ranged Weapons
 48130 | Depths:4 | Found a gate to the Realm of Zot.
 48217 | Depths:4 | Noticed a caustic shrike
 48217 | Depths:4 | Noticed a caustic shrike
 48217 | Depths:4 | Noticed a caustic shrike
 48239 | Depths:4 | Killed a caustic shrike
 48243 | Depths:4 | Killed a caustic shrike
 48247 | Depths:4 | Killed a caustic shrike
 48736 | Slime:1  | Entered Level 1 of the Pits of Slime
 48944 | Lair:4   | Reached XP level 26. HP: 55/200 MP: 0/0
 49795 | Slime:1  | You are sucked into a shaft and drop 1 floor!
 50630 | Slime:3  | Gained mutation: You are frail. (-10% HP) [a shining eye]
 50632 | Slime:3  | Reached skill level 21 in Ranged Weapons
 50632 | Slime:3  | Lost mutation: You are frail. (-10% HP) [potion of
                  | mutation]
 50632 | Slime:3  | Lost mutation: You are dopey. (Int -2) [potion of mutation]
 50632 | Slime:3  | Gained mutation: You are covered in fur. (AC +1) [potion of
                  | mutation]
 50632 | Slime:3  | Gained mutation: You are partially covered in iridescent
                  | scales. (AC +2) [potion of mutation]
 50736 | Slime:3  | Gained mutation: Potions are less effective at restoring
                  | your health. [a shining eye]
 51072 | Slime:4  | Gained mutation: You expend health (3 HP) to strengthen
                  | your wands. [a shining eye]
 51474 | Slime:5  | Entered Level 5 of the Pits of Slime
 51641 | Slime:5  | Noticed the Royal Jelly
 51746 | Slime:5  | Found a viscous altar of Jiyva.
 51777 | Slime:5  | Found the +8 demon blade "Leech" {evervamp, Harm ^Drain
                  | rN+}
 52152 | Slime:5  | Killed the Royal Jelly
 52333 | Slime:5  | Got a slimy rune of Zot
 52365 | Slime:5  | Identified the +1 war axe of the Pit {distort, MP-9 Dex+5}
 52547 | Lair:4   | Killed Hiywul's ghost
 53002 | Zot:1    | Entered Level 1 of the Realm of Zot
 53048 | Zot:2    | Found the +4 dragonskin cloak
 53048 | Zot:2    | Noticed Tiamat
 53488 | Zot:1    | Killed Tiamat
 53602 | Zot:2    | Noticed a curse toe
 53607 | Zot:2    | Noticed a Killer Klown
 53624 | Zot:2    | Killed a curse toe
 53681 | Zot:2    | Reached XP level 27. HP: 204/205 MP: 0/0
 53681 | Zot:2    | Learned a level 9 spell: Fire Storm
 53712 | Zot:2    | Killed a Killer Klown
 53845 | Zot:5    | Entered Level 5 of the Realm of Zot
 53888 | Zot:5    | Got a prismatic gem with 365 turns to spare
 53919 | Zot:5    | Noticed an orb of fire
 53930 | Zot:5    | Noticed an orb of fire
 53931 | Zot:5    | Noticed an orb of fire
 53931 | Zot:5    | Noticed an orb of fire
 53932 | Zot:5    | Noticed an orb of fire
 53938 | Zot:5    | Noticed a Killer Klown
 53942 | Zot:5    | Killed an orb of fire
 53965 | Zot:5    | Noticed an orb of fire
 53975 | Zot:5    | Got the Orb of Zot
 54016 | Zot:5    | Killed a dread lich
 54076 | Zot:3    | Found a transporter.
 54409 | D:11     | Noticed Ofalem the pandemonium lord
 54492 | D:6      | Noticed Zehurch the pandemonium lord
 54606 | D:$      | Escaped with the Orb!

Illustrated notes

Levels and vault maps discovered:
D:1:      lightli_arrival_flooded_house, layout_rooms,
          shapermc_ecumenical_altar_mp_urbaneastern, corexii_hall_statues_i,
          chequers_big_river
D:2:      minmay_evil_eye, layout_basic, uniq_robin, uniq_crazy_yiuf_cottage
D:3:      minmay_angry_zag, layout_loops_corners, serial_shops, shop,
          uniq_jessica
D:4:      layout_basic, temple_pool_b, nicolae_elevator_lobby_plus
D:5:      layout_cave_pods, serial_shops, nicolae_shop_back_alley_shop
D:6:      layout_rooms
D:7:      layout_basic, gammafunk_temple_overflow_statue,
          nicolae_ru_great_annihilating_truth
D:8:      layout_loops_ring, mainiacjoe_overflow_catch_the_wave,
          gammafunk_ghost_hive
D:9:      layout_gridville, gammafunk_temple_overflow_elements,
          erik_lair_orcish_takeover
D:10:     lemuel_reptile_caves, layout_basic, ashenzari_conservatory_becter,
          pf_just_have_faith, overflow_temple_1_default, serial_shops,
          nicolae_shop_gibbet_a_chance, uniq_harold
D:11:     layout_grid_maze, uniq_erica
D:12:     layout_rooms, orc_0_dummy, serial_curves, eino_curves_03,
          eino_curves_04
D:13:     layout_roguey, grunt_vaults_entry_tiered
D:14:     layout_irregular_city, hangedman_decor_push, okawaru_gym_becter
D:15:     grunt_enter_depths_hoard, layout_gridville, serial_shops, shop,
          nicolae_wwwww, drop_trap, hellmonk_guarded_unrand_frostbite
Lair:1:   layout_roguey, serial_forest, infiniplex_forest_lined_2,
          infiniplex_forest_lined_2, infiniplex_forest_fountain,
          infiniplex_forest_clump_curved, infiniplex_forest_clump_tiny,
          infiniplex_forest_split, hellmonk_guarded_unrand_vines
Lair:2:   regret_index_wax_grids, layout_loops_ring,
          mainiacjoe_shoals_entry_four_pools,
          hellmonk_spider_entry_life_and_decay
Lair:3:   layout_regular_city, st_stairs_3, infiniplex_staircase_pool,
          grunt_megastairs_3, serial_bayou_shore_a
Lair:4:   layout_cave_pods, minmay_slime_entry_oklob_enclosed,
          gammafunk_ghost_berserking_beasts, gauntlet_entry_generic,
          minmay_lindwurm_lava, grunt_megastairs_5, lemuel_fruit_tree
Lair:5:   gammafunk_lair_ancient_temple, layout_gridlike, uniq_urug
Shoals:1: layout_shoals, nicolae_shoals_stone_sculpture_thing
Shoals:2: layout_shoals, nicolae_shoals_so_close, uniq_polyphemus
Shoals:3: layout_shoals, nicolae_shoals_nautilus_by_nature
Shoals:4: shoals_end_hellmonk_lost_city
Spider:1: layout_spider_delve, guppyfry_hornet_nest
Spider:2: layout_spider_delve
Spider:3: layout_spider_delve, uniq_mara
Spider:4: grunt_spider_rune_circles
Slime:1:  layout_caves
Slime:2:  layout_caves
Slime:3:  layout_caves
Slime:4:  layout_caves
Slime:5:  slime_pit
Orc:1:    layout_caves, serial_shops, shop, uniq_nergalle
Orc:2:    st_orc_mages, layout_diamond_mine, serial_shops, bzr_entry_gold,
          nicolae_shop_overgrown_old_shop, nicolae_shop_hallway_plus, shop,
          nicolae_shop_tiny_glass
Elf:1:    eino_elf_arrival_customs, layout_onion_city, minivault_28,
          minmay_shop_star
Elf:2:    elven_hall_of_blades_hangedman_original [mumra_blade_entry_bloodbath],
          layout_geoelf_grid
Elf:3:    elf_hall_gauntlet_wide, layout_geoelf_diagonals,
          gammafunk_ghost_tricky_traps, nicolae_shop_gadgets, uniq_zenata
Vaults:1: nicolae_vaults_mitosis, nicolae_vaults_you_can_take_it_with_you,
          nicolae_vaults_lightning_bolt, nicolae_vaults_oval_intersection,
          v_pattern_3, ontoclasm_vaults_eye, nicolae_vaults_storage_room_glass,
          layout_vaults_chaotic_city
Vaults:2: minmay_crypt_entry_simple_walls, ontoclasm_vaults_twist,
          nicolae_vaults_hallways_thing, nicolae_vaults_big_ls,
          dpeg_vaults_monster_box, hangedman_vaults_stitches,
          vaults_dpeg_spiral, grunt_vaults_diagonal, layout_vaults_omnigrid
Vaults:3: nicolae_vaults_closet_pinwheel_3, nicolae_vaults_shelves_hall,
          vaults_room_pool, nicolae_vaults_double_plus_1,
          nicolae_vaults_diagonal_hallway_9, hangedman_vaults_variations,
          nicolae_vaults_trapezoid_1, nicolae_vaults_weapon_check, st_cross,
          v_pattern_1, v_alt_pattern_6, ontoclasm_vaults_ring_square, v_rooms_4,
          ontoclasm_vaults_hangar, nicolae_vaults_trapezoid_1,
          layout_vaults_ring, serial_shops, shop, uniq_norris
Vaults:4: nicolae_vaults_know_your_exits, nicolae_vaults_closet_pinwheel_6,
          nicolae_vaults_mini_display_case, hangedman_vaults_nails,
          nicolae_vaults_doubleplus_tesselated, nicolae_vaults_specimen_jars,
          nicolae_vaults_shrinking_rooms_1, v_misc_33,
          nicolae_vaults_storage_room_statues, nicolae_vaults_tangram_1,
          nicolae_vaults_tetromino_Z_1, layout_vaults_omnicross, serial_shops,
          shop
Crypt:1:  layout_misc_corridors, mu_enter_wizlab_6
Crypt:2:  layout_chaotic_city
Crypt:3:  quadcrypt_mu
Depths:1: layout_cave_pools, nicolae_qazlal_eye_of_the_storm,
          serial_column_ruins, column_ruins_portal_squares,
          column_ruins_temple_circle, column_ruins_corridor_T,
          column_ruins_grid_3, column_ruins_corridor_T, column_ruins_open_small,
          lightli_too_deep, minivault_12
Depths:2: minmay_the_grid_octo_triangle [minmay_the_grid_octo_fan_narrow,
          minmay_the_grid_octo_prize_square_snowflake,
          minmay_the_grid_octo_checkered], layout_cave_pools,
          grunt_pan_entry_sceptre, fedhas_altar_3, hell_entry
Depths:3: minmay_cut_squares, layout_cave_pools, enter_ziggurat_e,
          tso_metal_star, nicolae_abyss_entry_one_way_or_another,
          pf_coc_iceberg, grunt_decor_mini_mirrors, uniq_boris
Depths:4: evilmike_zot_entry_gauntlet, layout_basic, hell_entry
Zot:1:    layout_concentric_octagons
Zot:2:    layout_twisted_circle, regret_index_zotdec_under_construction,
          uniq_tiamat
Zot:3:    gammafunk_sealed_arena, layout_misc_corridors,
          regret_index_zotdec_split_disrupt, regret_index_zotdec_fiery_em,
          uniq_vv
Zot:4:    layout_gridlike, hangedman_zot_wheel_spokes
Zot:5:    layout_twisted_circle, st_stairs_5

Skill      XL: |  1  2  3  4  5  6  7  8  9 10 11 12 13 14 15 16 17 18 19 20 21 22 23 24 25 26 27 |
---------------+----------------------------------------------------------------------------------+-----
Ranged Weapons | 4 5 6 7 9 11 12 13 15 16 18 20 21 | 21.0
Fighting       | 5 10 14 15 18 20 | 20.0
Dodging        | 3 10 14 15 19 20 | 20.0
Spellcasting   | 1 8 10 11 14 15 16 18 20 | 20.0
Conjurations   | 1 8 10 11 14 15 16 18 20 | 20.0
Hexes          | 1 8 10 11 14 15 16 18 20 | 20.0
Summonings     | 1 8 10 11 14 15 16 18 20 | 20.0
Necromancy     | 1 8 10 11 14 15 16 18 20 | 20.0
Translocations | 1 8 10 11 14 15 16 18 20 | 20.0
Fire Magic     | 1 8 10 11 14 15 16 18 20 | 20.0
Ice Magic      | 1 8 10 11 14 15 16 18 20 | 20.0
Air Magic      | 1 8 10 11 14 15 16 18 20 | 20.0
Earth Magic    | 1 8 10 11 14 15 16 18 20 | 20.0
Alchemy        | 1 8 10 11 14 15 16 18 20 | 20.0
Armour         | 5 6 11 | 11.0
Evocations     | 10 11 13 | 13.6
Stealth        | |  0.7

Action                     |  1- 3 |  4- 6 |  7- 9 | 10-12 | 13-15 | 16-18 | 19-21 | 22-24 | 25-27 || total
---------------------------+-------+-------+-------+-------+-------+-------+-------+-------+-------++-------
  Melee: Orcbow            |       |       |     1 |       |       |       |       |       |       ||     1
   Fire: Shortbow          |   116 |   249 |    50 |       |       |       |       |       |       ||   415
         Orcbow            |       |       |   351 |   541 |       |       |       |       |       ||   892
         Arbalest          |       |       |       |   214 |  1212 |  1567 |  1695 |  2077 |    38 ||  6803
         Longbow           |       |       |       |       |       |       |       |       |  2036 ||  2036
  Throw: Throwing net      |       |       |     1 |       |       |       |       |       |       ||     1
 Invoke: Potion Petition   |       |       |       |     1 |       |       |       |     2 |       ||     3
         Bribe Branch      |       |       |       |       |       |       |       |       |     3 ||     3
  Evoke: Wand              |       |       |       |     2 |       |     2 |     8 |     5 |     3 ||    20
         Lightning rod     |       |       |       |       |       |       |     9 |     4 |     4 ||    17
         Condenser vane    |       |       |       |       |       |       |     1 |       |     1 ||     2
         Sack of spiders   |       |       |       |       |       |       |       |       |     1 ||     1
    Use: Scroll            |       |       |     9 |    17 |     9 |     3 |    17 |     8 |    14 ||    77
         Potion            |       |       |     2 |       |       |       |     3 |       |     7 ||    12
 Armour: Leather armour    |    20 |    76 |   207 |   356 |       |       |       |       |       ||   659
         Skin              |       |       |    11 |       |       |       |       |       |       ||    11
         Robe              |       |       |       |    44 |   406 |   464 |   820 |   622 |   551 ||  2907
  Dodge: Dodged            |    36 |    92 |   169 |   270 |   791 |  1176 |  1758 |  1897 |  1405 ||  7594
  Block: Other             |       |       |       |       |       |       |       |    84 |   193 ||   277
         Reflection        |       |       |       |       |       |       |       |     1 |     4 ||     5
